[Event "GER-ch Youth U12M 2018"]
[Site "Willingen"]
[Date "2018.05.20"]
[Round "2"]
[White "Rössel, Gino"]
[Black "Metzdorf, Matteo"]
[Result "0-1"]
[ECO "C11"]
[WhiteElo "1705"]
[BlackElo "1832"]
[Annotator "NA"]
[PlyCount "60"]
[EventDate "2018.05.19"]
[EventType "swiss"]
[EventCountry "GER"]
[SourceTitle "playchess.com"]
[Source "ChessBase"]
[SourceQuality "1"]
[TimeControl "40/4500+30:900+30"]

1. e4 e6 2. d4 d5 3. Nc3 Nf6 4. e5 Nfd7 5. f4 c5 6. Nf3 Nc6 7. Be3 a6 8. Be2 b5 9. Qd2 Qb6 10. O-O Be7 11. g4 f6 12. exf6 Nxf6 13. g5 Ne4 14. Qd1 cxd4 15. Nxd4 Bc5 16. Nxe4 Bxd4 17. Bxd4 Qxd4+ 18. Qxd4 Nxd4 19. Bh5+ Ke7 20. c3 Nf5 21. Nd2 Bb7 22. Nf3 g6 23. Bg4 Ne3 24. Bxe6 Nxf1 25. Re1 Kd6 26. Kxf1 Rhf8 27. f5 gxf5 28. Nd4 Rae8 29. Bxf5 Re5 30. Rxe5 Kxe5 0-1

[Event "GER-ch Youth U12M 2018"]
[Site "Willingen"]
[Date "2018.05.20"]
[Round "2"]
[White "Hänselmann, Hendrik"]
[Black "Foerster-Yialamas, Lucas"]
[Result "0-1"]
[ECO "B90"]
[WhiteElo "1692"]
[BlackElo "1924"]
[Annotator "NA"]
[PlyCount "102"]
[EventDate "2018.05.19"]
[EventType "swiss"]
[EventCountry "GER"]
[SourceTitle "playchess.com"]
[Source "ChessBase"]
[SourceQuality "1"]
[TimeControl "40/4500+30:900+30"]

1. e4 c5 2. Nf3 d6 3. d4 cxd4 4. Nxd4 Nf6 5. Nc3 a6 6. a4 e5 7. Nf3 Nc6 {[%emt 0:01:07] B90: Sizilianisch (Najdorf-Variante, Abweichungen)} (7... Be7 8. Bg5 Be6 9. Bxf6 Bxf6 10. Nd5 Nd7 11. Bc4 Rc8 12. Qe2 Nb6 13. Nxf6+ Qxf6 14. Bxe6 Qxe6 15. O-O O-O 16. Rfd1 {½-½ (38) Hou,Y (2649)-Carlsen,M (2838) Karlsruhe/Baden-Baden 2017}) 8. Bc4 Be7 9. O-O Bg4 10. Be2 Qd7 $146 ({Vorgänger:} 10... O-O 11. h3 Be6 12. Re1 h6 13. Be3 d5 14. exd5 Nxd5 15. Nxd5 Bxd5 16. c4 Be4 17. Qxd8 Raxd8 18. Bb6 Rc8 19. Red1 Bf5 20. Rac1 {0-1 (59) Ruszin,A (2139)-Ezsol,M (2380) Hungary 2016}) 11. Bg5 O-O 12. Bxf6 Bxf6 13. Nd5 Bd8 14. c3 Ne7 15. Nxe5 dxe5 16. Bxg4 Qc6 17. Bf3 Ng6 18. Re1 Bg5 19. Qc2 Nh4 20. Be2 f5 21. Qb3 Kh8 22. exf5 Rad8 23. Rad1 Nxf5 24. Qc4 Qg6 25. Bd3 Nd6 26. Qb3 e4 27. Bb1 Qf7 28. Qc2 Qg6 29. Qe2 Rde8 30. Rd4 Qf7 31. Rf1 Qf5 32. Ne3 Qf6 33. Ng4 Qg6 34. Ne3 Qh6 35. Ng4 Qe6 36. Ne3 Bf6 37. Rdd1 Nf5 38. Nxf5 Qxf5 39. f3 Qc5+ 40. Qf2 e3 41. Qe2 Bg5 42. Kh1 Rf6 43. Rd7 Rd6 44. Rxd6 Qxd6 45. Be4 Rd8 46. Bxb7 Qb6 47. Qxa6 Qxb2 48. Bd5 Rxd5 $19 49. Qc6 Rd8 50. a5 e2 51. Re1 Qd2 0-1

[Event "GER-ch Youth U12M 2018"]
[Site "Willingen"]
[Date "2018.05.20"]
[Round "2"]
[White "Duduka, Artem"]
[Black "Werner, Denis"]
[Result "1/2-1/2"]
[ECO "B31"]
[WhiteElo "1598"]
[BlackElo "1706"]
[Annotator "NA"]
[PlyCount "139"]
[EventDate "2018.05.19"]
[EventType "swiss"]
[EventCountry "GER"]
[SourceTitle "playchess.com"]
[Source "ChessBase"]
[SourceQuality "1"]
[TimeControl "40/4500+30:900+30"]

1. e4 c5 2. Nf3 Nc6 3. Bb5 g6 4. Bxc6 bxc6 5. O-O Bg7 6. c3 Nf6 7. Re1 O-O 8. d4 cxd4 9. cxd4 d5 10. e5 Ne8 11. Nc3 Nc7 12. h3 Ne6 13. Ng5 Rb8 14. Nxe6 Bxe6 15. Na4 Bc8 16. Nc5 e6 17. Qc2 f6 18. f4 fxe5 19. fxe5 Qh4 20. Be3 Rf7 21. Rf1 Bf8 22. Rxf7 Kxf7 23. Rf1+ Kg8 24. b3 Be7 25. Kh2 Bxc5 26. Qxc5 Ba6 27. Qxa7 Bxf1 28. Qxb8+ Kg7 29. Qc7+ Kg8 30. Qc8+ Kf7 31. Qd7+ Qe7 32. Qxc6 Qh4 33. Qd7+ Qe7 34. Qxe7+ Kxe7 35. g3 Bd3 36. b4 Kd7 37. a4 Kc6 38. Bd2 Bc2 39. a5 Bd3 40. Kg2 Kd7 41. Kf3 Kc6 42. Bh6 Kb5 43. Bf8 h5 44. h4 Kc6 45. Kf4 Kd7 46. Kg5 Ke8 47. Bc5 Kf7 48. Kh6 Bc4 49. Kg5 Bb5 50. Kf4 Ke8 51. Ke3 Kd7 52. Kd2 Kc6 53. Kc3 Kb7 54. Kb3 Kc6 55. Kc3 Kb7 56. Kd2 Kc6 57. Ke3 Kd7 58. Kf4 Ke8 59. g4 hxg4 60. Kxg4 Kf7 61. Kg5 Bc4 62. h5 gxh5 63. Kxh5 Be2+ 64. Kg5 Bb5 65. Kf4 Ke8 66. Ke3 Kd7 67. Kd2 Kc6 68. Kc3 Kb7 69. Kb3 Kc6 70. Ka3 1/2-1/2

[Event "GER-ch Youth U12M 2018"]
[Site "Willingen"]
[Date "2018.05.21"]
[Round "3"]
[White "Foerster-Yialamas, Lucas"]
[Black "Tham, Nam"]
[Result "1/2-1/2"]
[ECO "C88"]
[WhiteElo "1924"]
[BlackElo "1866"]
[Annotator "NA RC"]
[PlyCount "94"]
[EventDate "2018.05.19"]
[EventType "swiss"]
[EventCountry "GER"]
[SourceTitle "playchess.com"]
[Source "ChessBase"]
[SourceQuality "1"]
[TimeControl "40/4500+30:900+30"]

1. e4 e5 2. Nf3 Nc6 3. Bb5 a6 4. Ba4 Nf6 5. O-O Be7 6. Re1 b5 7. Bb3 O-O 8. a4 b4 9. d4 d6 $1 10. h3 {[%emt 0:00:36] LiveBook: 21 Partien} a5 {[%emt 0:02:49] C88: Closed Ruy Lopez: Anti-Marshall Systems} (10... exd4 11. Nxd4 Na5 12. c3 bxc3 13. Nxc3 c5 14. Nf5 Bxf5 15. exf5 Nxb3 16. Qxb3 d5 17. Qb7 Re8 18. Bg5 {½-½ (53) Safarli,E (2632)-Ragger,M (2659) Antalya 2017}) 11. Be3 $146 ({Predecessor:} 11. Bg5 h6 12. Bxf6 Bxf6 13. Bd5 Ra6 14. c3 bxc3 15. bxc3 exd4 16. cxd4 Nb4 17. Nc3 Re8 18. Qb3 Nxd5 19. Nxd5 {1-0 (29) Bergsson,S (1997)-Kristinsson,O (2022) Reykjavik 2017}) 11... Ba6 12. Nbd2 h6 13. Nc4 Nd7 14. d5 Bxc4 15. Bxc4 Ncb8 16. c3 Na6 17. Bxa6 Rxa6 18. Qd3 Qc8 19. cxb4 axb4 20. Qb5 c5 21. dxc6 $1 Qxc6 22. Qxb4 ({White should try} 22. Rac1 $16 Nc5 {[#]} 23. Nxe5 $1 dxe5 24. Bxc5 Bxc5 25. Rxc5 Qxb5 26. axb5) 22... Rb8 23. Qc3 Qb7 24. Ra2 (24. Qc4 $14 {bleibt weiter vorne.}) 24... Bd8 25. Qd3 Bb6 26. Nh4 Bxe3 27. Rxe3 Nc5 28. Qc2 Kh7 ({Günstiger ist} 28... Rb6 $14) 29. Nf5 Qa7 30. b3 (30. Rc3 $16) 30... g6 31. Ng3 Rab6 32. Ra3 Qb7 33. Qd1 Nxb3 34. Qd5 Qxd5 35. exd5 Nd2 36. Red3 Rb1+ 37. Kh2 R1b2 (37... Nc4 $17 38. Ra2 R8b2 39. Rxb2 Rxb2) 38. a5 $1 f5 39. Rdc3 f4 40. Rc7+ Kg8 41. Ne2 Nb1 {[%emt 0:01:19] [#]} (41... Nf1+ $1 $11 42. Kg1 Rxe2 43. Kxf1 Rbb2) 42. Ra1 (42. Ra4 $1 $16) 42... Rxe2 43. a6 $11 Reb2 44. Rc6 Nd2 45. Rxd6 Rb1 46. a7 Nf1+ 47. Kg1 Ng3+ 1/2-1/2

[Event "GER-ch Youth U12M 2018"]
[Site "Willingen"]
[Date "2018.05.21"]
[Round "3"]
[White "Hommer, Jeremy"]
[Black "Eilenberg, Jonas"]
[Result "1/2-1/2"]
[ECO "D00"]
[WhiteElo "1897"]
[BlackElo "1852"]
[Annotator "NA RC"]
[PlyCount "60"]
[EventDate "2018.05.19"]
[EventType "swiss"]
[EventCountry "GER"]
[SourceTitle "playchess.com"]
[Source "ChessBase"]
[SourceQuality "1"]
[TimeControl "40/4500+30:900+30"]

1. d4 d5 2. Bf4 Nf6 3. e3 e6 4. Nd2 Bd6 5. Bg3 O-O 6. Ngf3 c5 7. c3 Nc6 8. Bd3 {[%emt 0:00:52] LiveBook: 711 Games} b6 9. Ne5 Bb7 10. O-O {[%emt 0:00:46] D02: 1 d4 d5 2 Nf3 sidelines, including 2...Nf6 3 g3 and 2...Nf6 3 Bf4} Ne7 (10... Qc7 11. f4 Ne7 12. Qb1 Qc8 13. Bh4 Nf5 14. Bxf5 exf5 15. Bxf6 gxf6 16. Nef3 Qe6 17. Re1 Ba6 18. Nh4 cxd4 19. exd4 {1-0 (28) Korobov,A (2692)-Dominguez Perez,L (2739) Doha 2016}) 11. f4 Nf5 12. Bf2 Be7 13. Qe2 Ne4 $146 ({Predecessor:} 13... Nd6 14. Rfd1 Qc7 15. a4 a6 16. h3 c4 {1-0 (39) Djukic,Z (2428)-Hummel,D (2266) Dos Hermanas 2004}) 14. Rad1 Qc8 15. g4 Nfd6 16. Nef3 a5 17. Bh4 Bxh4 18. Nxh4 Nxd2 19. Qxd2 Ne4 20. Qe2 a4 21. Qe1 a3 22. b3 cxd4 23. Bxe4 dxe4 24. Rxd4 e5 $2 {[%emt 0:01:57] [#]} (24... Ba6 $15 {stays ahead.} 25. Rf2 Qc6) 25. Nf5 $1 Qc7 26. Rc4 Qb8 $1 27. Qh4 exf4 (27... f6 $1 $14) 28. Qg5 $11 ({Of course not} 28. exf4 $6 Kh8 $11) (28. Rd4 $16 f3 29. Qg5) 28... g6 29. Ne7+ Kg7 30. Nf5+ Kg8 1/2-1/2

[Event "GER-ch Youth U12M 2018"]
[Site "Willingen"]
[Date "2018.05.21"]
[Round "3"]
[White "Haack, Kevin"]
[Black "Laux, Dominik"]
[Result "1-0"]
[ECO "A20"]
[WhiteElo "1846"]
[BlackElo "1889"]
[Annotator "NA"]
[PlyCount "101"]
[EventDate "2018.05.19"]
[EventType "swiss"]
[EventCountry "GER"]
[SourceTitle "playchess.com"]
[Source "ChessBase"]
[SourceQuality "1"]
[TimeControl "40/4500+30:900+30"]

1. c4 e5 2. g3 Nf6 3. Bg2 h6 {[%emt 0:00:11] A20: Englische Eröffnung} 4. d3 Bb4+ 5. Bd2 Bxd2+ 6. Qxd2 O-O {[%emt 0:00:06] LiveBook: 9 Games} 7. Nf3 Re8 8. Nc3 c6 9. O-O d5 10. Rfd1 $146 ({Vorgänger:} 10. cxd5 cxd5 11. d4 {½-½ (81) Hou,Y (2658)-Inarkiev,E (2732) Petropavlovsk Kamchatsky 2016}) 10... Bf5 11. e3 Na6 12. cxd5 cxd5 13. Rac1 (13. e4 $5 dxe4 14. dxe4 Qxd2 15. Nxd2 $11) 13... Nb4 14. Nxd5 Nbxd5 15. e4 Be6 16. exd5 Bxd5 17. b3 Qd6 18. d4 e4 (18... Bxf3 $5 19. Bxf3 e4 $11) 19. Ne5 Nd7 20. Nc4 Bxc4 21. bxc4 f5 22. c5 Qd5 23. Bf1 Kh8 24. Bc4 Qc6 25. Qb4 e3 (25... f4 $1 $11 {bleibt in der Remisbreite.}) 26. fxe3 Qf3 (26... Rxe3 $16 27. Bf1 Qc7) 27. Qd2 Rad8 28. Rf1 Qe4 29. Rf4 Qxe3+ 30. Qxe3 Rxe3 31. Rxf5 Nf6 32. Rd1 Re4 33. Rf4 Rxf4 34. gxf4 Ne4 35. Bb3 g6 36. Kg2 Kg7 37. Kf3 Nc3 38. Rd3 Nd5 39. Bxd5 Rxd5 40. Ke4 Rd8 41. d5 Kf6 42. c6 bxc6 43. dxc6 Rc8 44. Rd6+ Kf7 45. Kd5 g5 46. f5 h5 47. Rd7+ Kf6 48. Kd6 g4 49. c7 $18 h4 50. Rd8 g3 51. hxg3 1-0

[Event "GER-ch Youth U12M 2018"]
[Site "Willingen"]
[Date "2018.05.21"]
[Round "3"]
[White "Metzdorf, Matteo"]
[Black "Schubert, Nikita"]
[Result "0-1"]
[ECO "C74"]
[WhiteElo "1832"]
[BlackElo "1802"]
[Annotator "NA RC"]
[PlyCount "116"]
[EventDate "2018.05.19"]
[EventType "swiss"]
[EventCountry "GER"]
[SourceTitle "playchess.com"]
[Source "ChessBase"]
[SourceQuality "1"]
[TimeControl "40/4500+30:900+30"]

1. e4 e5 2. Nf3 Nc6 3. Bb5 a6 4. Ba4 d6 5. c3 {[%emt 0:13:45] LiveBook: 1436 Games} f5 6. d3 fxe4 {[%emt 0:00:47] C74: Spanische Partie (Moderne Steinitz-Verteidigung)} (6... Nf6 7. O-O Be7 8. Re1 O-O 9. h3 Kh8 10. Nbd2 fxe4 11. Nxe4 Nxe4 12. Rxe4 Bf5 13. Re3 Qe8 14. d4 Qg6 15. Nh2 Bh4 16. Nf3 {1-0 (72) Kovalenko,I (2639)-Fressinet,L (2662) Katowice 2017}) 7. dxe4 Nf6 8. Nbd2 Bg4 9. Qe2 Qd7 10. O-O Be7 11. Re1 $146 (11. h3 $14 Be6 12. Rd1) ({Vorgänger:} 11. Qd3 Nh5 12. Bxc6 bxc6 13. Nc4 O-O 14. Ne1 Qe8 15. f3 {0-1 (30) Dogan,S (1864)-Gazikova,V (2190) Porto Carras 2015}) 11... O-O 12. Bc2 (12. h3 $14 Bh5 13. b4) 12... Nh5 13. Qe3 Nf4 14. Bd1 h6 15. Nf1 {[%emt 0:02:55] [#]} (15. Rf1 $17 {was called for.}) 15... Rf6 ({Black should try} 15... Bh3 $1 $19 16. g3 (16. gxh3 Qxh3) 16... Ng2) 16. Ng3 Raf8 17. Nh4 $2 (17. Nd2 $17) 17... Bxd1 18. Rxd1 Qg4 19. f3 Qxh4 20. Nf5 Qh5 21. g3 Ne6 22. Kg2 Qf7 23. Rf1 Bd8 24. g4 Nf4+ 25. Kg1 Kh7 26. Bd2 Re6 27. Ng3 Bg5 28. Qe1 Nh3+ 29. Kg2 Bxd2 30. Qxd2 Nf4+ 31. Kg1 Rf6 32. Qe3 g6 33. b3 Nh3+ 34. Kg2 Ng5 35. h4 Ne6 36. Rad1 Nf4+ 37. Kh2 Rd8 38. c4 Nd4 39. Rd2 Rd7 40. Rdf2 Qf8 41. Rd2 Rdf7 42. Rdf2 a5 43. a4 Nfe6 44. Kg2 Nc5 45. g5 $19 Rf4 46. h5 hxg5 47. Rh1 Qe7 48. Rhf1 b6 49. Qc3 g4 50. fxg4 Rxf2+ 51. Rxf2 Rxf2+ 52. Kxf2 Qh4 53. hxg6+ Kxg6 54. Kg2 Qxg4 55. b4 Nxe4 56. Qd3 Qxg3+ 57. Qxg3+ Nxg3 58. Kxg3 axb4 0-1

[Event "GER-ch Youth U12M 2018"]
[Site "Willingen"]
[Date "2018.05.21"]
[Round "3"]
[White "Schulemann, Gero"]
[Black "Klugstedt, Vincent"]
[Result "*"]
[ECO "E98"]
[WhiteElo "1700"]
[BlackElo "1810"]
[Annotator "NA RC"]
[PlyCount "71"]
[EventDate "2018.05.19"]
[EventType "swiss"]
[EventCountry "GER"]
[SourceTitle "playchess.com"]
[Source "ChessBase"]
[SourceQuality "1"]
[TimeControl "40/4500+30:900+30"]

1. d4 Nf6 2. c4 g6 3. Nc3 Bg7 4. e4 d6 5. Nf3 O-O 6. Be2 e5 7. O-O Nc6 8. d5 Ne7 9. Ne1 Nd7 10. Be3 f5 11. f3 f4 12. Bf2 h5 13. Rc1 g5 {[%emt 0:01:08] E99: Königsindisch (Klassisches System)} 14. c5 ({Better is} 14. Nd3 $16) 14... Nxc5 15. b4 Na6 $1 16. Nb5 {[%emt 0:03:17] LiveBook: 4 Games [#]} Rf6 $146 ({Vorgänger:} 16... Ng6 17. Nxa7 Bd7 18. a4 Nxb4 19. Qb3 g4 20. fxg4 hxg4 21. Qxb4 {½-½ (30) Erdos,V (2454)-Acs,P (2545) Hungary 2005}) 17. Qc2 c6 $1 18. dxc6 bxc6 19. Nxa7 Nxb4 20. Qc4+ Be6 21. Qxb4 c5 22. Qb7 Rf7 23. Nc6 Nxc6 24. Qxc6 Rc7 25. Qb6 Rb8 26. Qa6 Ra8 27. Qd3 Rxa2 28. Bxc5 $4 (28. Nc2 $18 {und alles wird gut.}) 28... Rxe2 29. Qxe2 dxc5 30. Qa6 Qd4+ (30... Qc8 $11 {bleibt in der Remisbreite.} 31. Qd6 Bf6) 31. Rf2 (31. Kh1 $16 Qd7 32. Nd3) 31... Bf7 ({Black should try} 31... Qd7 $11) 32. Nc2 Qd7 33. Qa5 Bf8 34. Rd2 Qe7 35. Na3 c4 $11 (35... Ra7 $5 36. Qc3 $8 c4 37. Nxc4 Rc7 $11) 36. Nb1 *

[Event "GER-ch Youth U12M 2018"]
[Site "Willingen"]
[Date "2018.05.21"]
[Round "3"]
[White "Kort, Felix"]
[Black "Hoffmann, Kay"]
[Result "1-0"]
[ECO "C44"]
[WhiteElo "1672"]
[BlackElo "1247"]
[Annotator "NA RC"]
[PlyCount "89"]
[EventDate "2018.05.19"]
[EventType "swiss"]
[EventCountry "GER"]
[SourceTitle "playchess.com"]
[Source "ChessBase"]
[SourceQuality "1"]
[TimeControl "40/4500+30:900+30"]

1. e4 e5 2. Nf3 Nc6 3. d4 exd4 4. Bc4 Na5 5. Bb5 a6 6. Ba4 b5 7. Bb3 Nxb3 8. axb3 Bb7 9. Qxd4 c5 10. Qd3 d5 11. exd5 Qxd5 12. Qe2+ Qe4 13. Be3 Nf6 14. Nc3 Qe6 15. O-O Bd6 16. Rfe1 O-O 17. Bg5 Qxe2 18. Rxe2 Bxf3 19. gxf3 h6 20. Bxf6 gxf6 21. Ne4 Be7 22. Ng3 Kh7 23. Rxe7 Kg7 24. Rc7 Rac8 25. Rxc8 Rxc8 26. Rxa6 Rd8 27. Rc6 Rd1+ 28. Kg2 Rb1 29. Rxc5 Rxb2 30. Rxb5 Rxc2 31. b4 Rb2 32. Rb8 Kg6 33. b5 f5 34. b6 Kf6 35. b7 f4 36. Ne4+ Kf5 37. Rf8 Kg6 38. b8=Q Rxb8 39. Rxb8 f5 40. Rb6+ Kh5 41. Ng3+ fxg3 42. Kxg3 Kg5 43. h4+ Kh5 44. Kf4 Kxh4 45. Rxh6# 1-0

[Event "GER-ch Youth U12M 2018"]
[Site "Willingen"]
[Date "2018.05.21"]
[Round "3"]
[White "Schwartz, Oliver"]
[Black "Rössel, Gino"]
[Result "*"]
[ECO "C14"]
[WhiteElo "1651"]
[BlackElo "1705"]
[Annotator "NA RC"]
[PlyCount "62"]
[EventDate "2018.05.19"]
[EventType "swiss"]
[EventCountry "GER"]
[SourceTitle "playchess.com"]
[Source "ChessBase"]
[SourceQuality "1"]
[TimeControl "40/4500+30:900+30"]

1. e4 e6 2. d4 d5 3. Nc3 Nf6 4. Bg5 Be7 5. e5 Nfd7 6. Bxe7 Qxe7 7. f4 a6 8. Nf3 b5 9. Qd2 Bb7 10. Bd3 c5 11. dxc5 Qxc5 12. Qf2 Qxf2+ 13. Kxf2 Nc6 14. Ne2 Nc5 15. Ned4 O-O 16. Nxc6 Bxc6 17. Nd4 Bd7 18. g4 f6 19. Ke3 Na4 20. b3 Nc5 21. Rhf1 Rac8 22. Kd2 Nb7 23. a4 Nc5 24. axb5 Nxd3 25. cxd3 axb5 26. exf6 gxf6 27. Ra7 Rfd8 28. Re1 Ra8 29. Rxa8 Rxa8 30. Kc3 Kf7 31. Kb2 Ra2+ {[%emt 0:00:21] Re2 [%clk 0:02:39] Ra6 [%clk 0:47:45] h4 [%clk 0:00:50] h6 [%clk 0:47:45] g5 [%clk 0:00:50] hxg5 [%clk 0:47:45] hxg5 [%clk 0:01:17] fxg5 [%clk 0:48:39] fxg5 [%clk 0:01:53] Be8 [%clk 0:48:40]} *

[Event "GER-ch Youth U12M 2018"]
[Site "Willingen"]
[Date "2018.05.21"]
[Round "3"]
[White "Hoke, Adrian Neo"]
[Black "Gerdes, Jannes"]
[Result "*"]
[ECO "B22"]
[WhiteElo "1628"]
[BlackElo "1492"]
[Annotator "NA RC"]
[PlyCount "79"]
[EventDate "2018.05.19"]
[EventType "swiss"]
[EventCountry "GER"]
[SourceTitle "playchess.com"]
[Source "ChessBase"]
[SourceQuality "1"]
[TimeControl "40/4500+30:900+30"]

1. e4 c5 2. c3 Nf6 3. e5 Nd5 4. d4 cxd4 5. Nf3 Nc6 6. cxd4 d6 7. Bc4 dxe5 8. dxe5 Ndb4 9. a3 Qxd1+ 10. Kxd1 Na6 11. Bxa6 bxa6 12. Be3 Bg4 13. Bf4 g6 14. Nbd2 Bg7 15. Re1 O-O 16. h3 Bxf3+ 17. Nxf3 Rfd8+ 18. Ke2 Nd4+ 19. Nxd4 Rxd4 20. Bg3 Rd5 21. Kf1 Rad8 22. Rac1 e6 23. Rc7 R8d7 24. Rec1 Rxc7 25. Rxc7 Bxe5 26. Bxe5 Rxe5 27. Rxa7 a5 28. Rb7 Kf8 29. b4 axb4 30. axb4 Rd5 31. Ke2 Ke8 32. Ke3 h5 33. b5 Kf8 34. b6 Ke8 35. Rc7 Rd7 36. b7 Rxc7 37. b8=Q+ Kd7 38. Kd4 Rc8 39. Qb5+ Kd8 40. Ke5 *

[Event "GER-ch Youth U12M 2018"]
[Site "Willingen"]
[Date "2018.05.21"]
[Round "3"]
[White "Gluma, Christian"]
[Black "Tovmasyan, Minas"]
[Result "0-1"]
[ECO "D51"]
[WhiteElo "1601"]
[BlackElo "1480"]
[Annotator "NA RC"]
[PlyCount "40"]
[EventDate "2018.05.19"]
[EventType "swiss"]
[EventCountry "GER"]
[SourceTitle "playchess.com"]
[Source "ChessBase"]
[SourceQuality "1"]
[TimeControl "40/4500+30:900+30"]

1. d4 d5 2. c4 e6 3. Nc3 Nf6 4. Bg5 Nbd7 5. cxd5 exd5 6. e3 c6 7. Bd3 Be7 8. Qc2 O-O 9. Nge2 Re8 10. O-O-O Nf8 11. Kb1 Bd7 12. Rdg1 b5 13. h3 a5 14. g4 Ne4 15. Nxe4 dxe4 16. Bxe4 Bxg5 17. f4 Bh4 18. g5 Bf2 19. Rg2 Bxe3 20. Qd3 Qe7 0-1

[Event "GER-ch Youth U12M 2018"]
[Site "Willingen"]
[Date "2018.05.21"]
[Round "3"]
[White "Sieber, Bert"]
[Black "Hänselmann, Hendrik"]
[Result "1-0"]
[ECO "B22"]
[WhiteElo "1453"]
[BlackElo "1692"]
[Annotator "NA RC"]
[PlyCount "109"]
[EventDate "2018.05.19"]
[EventType "swiss"]
[EventCountry "GER"]
[SourceTitle "playchess.com"]
[Source "ChessBase"]
[SourceQuality "1"]
[TimeControl "40/4500+30:900+30"]

1. e4 c5 2. c3 e6 3. d4 d5 4. exd5 exd5 5. Bb5+ Bd7 6. Bxd7+ Nxd7 7. Nf3 Ngf6 8. O-O Be7 9. Be3 O-O 10. Nbd2 Re8 11. Re1 Qb6 12. Qc2 cxd4 13. Nxd4 Ne4 14. Rad1 Nxd2 15. Qxd2 Bc5 16. b4 Bxd4 17. Bxd4 Qg6 18. Re3 Rxe3 19. Qxe3 Nb6 20. Re1 h6 21. Qe7 Qc6 22. Qe5 Qg6 23. h3 Rc8 24. Bxb6 Qxb6 25. Qxd5 Qf6 26. Qxb7 Qxc3 27. Re3 Qc1+ 28. Kh2 Rc7 29. Re8+ Kh7 30. Qe4+ g6 31. Qe5 f6 32. Qxf6 Rg7 33. Re7 Rxe7 34. Qxe7+ Kg8 35. Qe6+ Kg7 36. Qe5+ Kg8 37. Qd5+ Kg7 38. Qd4+ Kg8 39. Qxa7 Qf4+ 40. g3 Qxb4 41. a4 h5 42. h4 g5 43. hxg5 h4 44. Qa8+ Kg7 45. Qf3 hxg3+ 46. Kxg3 Qxa4 47. g6 Kxg6 48. Qg4+ Qxg4+ 49. Kxg4 Kf6 50. Kf4 Kf7 51. Kf5 Kf8 52. Kf6 Kg8 53. f4 Kh7 54. f5 Kh6 55. Ke7 1-0

[Event "GER-ch Youth U12M 2018"]
[Site "Willingen"]
[Date "2018.05.21"]
[Round "3"]
[White "Gressler, Christian"]
[Black "Chassard, Cedric"]
[Result "1/2-1/2"]
[ECO "C00"]
[WhiteElo "1290"]
[BlackElo "1590"]
[Annotator "NA RC"]
[PlyCount "42"]
[EventDate "2018.05.19"]
[EventType "swiss"]
[EventCountry "GER"]
[SourceTitle "playchess.com"]
[Source "ChessBase"]
[SourceQuality "1"]
[TimeControl "40/4500+30:900+30"]

1. e4 e6 2. d3 d5 3. Nd2 Nf6 4. Ngf3 Be7 5. g3 O-O 6. Bg2 c5 7. O-O Nc6 8. e5 Nd7 9. Re1 Qc7 10. Qe2 a5 11. Nf1 b5 12. Bf4 Ba6 13. h4 c4 14. a3 b4 15. Bg5 Bxg5 16. hxg5 b3 17. cxb3 cxd3 18. Qe3 Qb6 19. Qxb6 Nxb6 20. Rac1 Rfc8 21. N1d2 Nd7 {[%emt 0:04:28] exd6} 1/2-1/2

[Event "GER-ch Youth U12M 2018"]
[Site "Willingen"]
[Date "2018.05.21"]
[Round "4"]
[White "Laux, Dominik"]
[Black "May, Ben-Iven"]
[Result "1-0"]
[ECO "D00"]
[WhiteElo "1889"]
[BlackElo "1769"]
[Annotator "NA"]
[PlyCount "47"]
[EventDate "2018.05.19"]
[EventType "swiss"]
[EventCountry "GER"]
[SourceTitle "playchess.com"]
[Source "ChessBase"]
[SourceQuality "1"]
[TimeControl "40/4500+30:900+30"]

1. d4 d5 2. Bf4 Nf6 3. e3 e6 4. c3 Be7 5. Nd2 O-O 6. Bd3 c5 7. Ngf3 Nc6 8. Ne5 Nxe5 9. dxe5 Nd7 10. h4 Re8 11. Qh5 g6 12. Qg4 h5 13. Qg3 Kg7 14. Nf3 a6 15. Ng5 Nf8 16. Nxf7 Kxf7 17. Bh6 g5 18. Qf3+ Kg8 19. Qxh5 d4 20. Bxf8 Kxf8 21. Qh8+ Kf7 22. Qh7+ Kf8 23. Bg6 dxe3 24. Qf7# 1-0

[Event "GER-ch Youth U12M 2018"]
[Site "Willingen"]
[Date "2018.05.21"]
[Round "4"]
[White "Tham, Nam"]
[Black "Bui, Bao Anh Le"]
[Result "1-0"]
[ECO "B90"]
[WhiteElo "1866"]
[BlackElo "1974"]
[Annotator "NA"]
[PlyCount "89"]
[EventDate "2018.05.19"]
[EventType "swiss"]
[EventCountry "GER"]
[SourceTitle "playchess.com"]
[Source "ChessBase"]
[SourceQuality "1"]
[TimeControl "40/4500+30:900+30"]

1. e4 c5 2. Nf3 d6 3. d4 cxd4 4. Nxd4 Nf6 5. Nc3 a6 6. Be3 e5 7. Nb3 Be6 8. Be2 Be7 9. O-O O-O 10. h3 {[%emt 0:01:39] B92: Sizilianisch (Najdorf-Variante mit 6.Le2)} (10. a4 Nbd7 11. Qd2 Rc8 12. a5 Re8 13. Bf3 h6 14. Nc1 Nh7 15. g3 Bg5 16. Nd3 Nb8 17. Bxg5 Qxg5 18. Qxg5 hxg5 19. Rfd1 Nc6 20. Ne2 g4 {0-1 (39) Zherebukh,Y (2633)-Xiong,J (2640) Saint Louis 2018}) 10... Nbd7 11. Qd2 b5 12. Rad1 Nb6 13. a3 Qc7 $146 ({Vorgänger:} 13... Nc4 14. Qc1 Nxe3 15. Qxe3 Qc7 16. Nd2 Rac8 {0-1 (29) Jimenez Gil,R (1795)-Esmeraldas Huachi,A Cali 2015}) 14. Rfe1 Rab8 15. Bd3 Nc4 16. Qc1 Nxa3 17. bxa3 Qxc3 18. Bd2 Qc7 19. Qb2 Nd7 20. Ra1 Nc5 21. Nxc5 dxc5 22. Bc3 f6 23. Rab1 Rfd8 24. Kh1 c4 25. Be2 a5 26. Red1 b4 27. axb4 axb4 28. Rxd8+ Qxd8 29. Be1 Bc5 30. Kg1 Qb6 31. Qa2 Qb5 32. Bf1 Kf8 33. Bc3 Qc6 34. Be1 Ra8 35. Qb2 c3 36. Qc1 Qxe4 37. Bd3 Qh4 38. Ra1 Rd8 39. Ra5 Qd4 40. Bxh7 Bc4 41. Qa1 Ke7 42. Qa4 $19 Qd6 43. Bxc3 Qb6 44. Rxc5 Rd1+ 45. Kh2 1-0

[Event "GER-ch Youth U12M 2018"]
[Site "Willingen"]
[Date "2018.05.21"]
[Round "4"]
[White "Eilenberg, Jonas"]
[Black "Foerster-Yialamas, Lucas"]
[Result "1/2-1/2"]
[ECO "A48"]
[WhiteElo "1852"]
[BlackElo "1924"]
[Annotator "NA"]
[PlyCount "77"]
[EventDate "2018.05.19"]
[EventType "swiss"]
[EventCountry "GER"]
[SourceTitle "playchess.com"]
[Source "ChessBase"]
[SourceQuality "1"]
[TimeControl "40/4500+30:900+30"]

1. d4 Nf6 2. Nf3 g6 3. e3 Bg7 4. Nbd2 d6 5. Be2 O-O 6. b3 Nfd7 7. Bb2 e5 8. O-O Re8 9. dxe5 Nxe5 10. Nxe5 dxe5 11. Nc4 Nc6 12. Qxd8 Rxd8 13. Bf3 Be6 14. Bxc6 Bxc4 15. Bxb7 Rab8 16. bxc4 Rxb7 17. Bc3 e4 18. Bxg7 Kxg7 19. Rab1 Rxb1 20. Rxb1 Rd2 21. Rc1 Rd6 22. Kf1 Rc6 23. Ke2 Rxc4 24. Kd2 Rc5 25. Rb1 Rh5 26. h3 Rg5 27. g3 Rf5 28. Ke2 Rc5 29. Kd2 Rd5+ 30. Ke2 a5 31. Rb7 Rc5 32. Rb2 Rc4 33. Kd2 Ra4 34. Kc3 h5 35. Rb1 Ra3+ 36. Kc4 Ra4+ 37. Kc3 Ra3+ 38. Kc4 a4 39. Kd4 1/2-1/2